 Dungeon Crawl Stone Soup version 0.18.1-8-gdd0e5ea (webtiles) character file.

303 MenacingMecha the Cleaver (level 6, -10/50 HPs)
             Began as a Minotaur Gladiator on May 21, 2016.
             Was a Follower of Okawaru.
             Mangled by an ogre
             ... wielding a +0 giant club
              (18 damage)
             ... on level 4 of the Dungeon.
             The game lasted 00:10:40 (3045 turns).

MenacingMecha the Cleaver (Minotaur Gladiator)      Turns: 3045, Time: 00:10:40

Health: -10/50     AC:  6    Str: 20    XL:     6   Next: 15%
Magic:  5/5        EV: 10    Int:  7    God:    Okawaru [*.....]
Gold:   208        SH:  0    Dex: 10    Spells: 0 memorised, 5 levels left

rFire  . . .     SeeInvis .     a - +0 war axe
rCold  . . .     Gourm    .     e - +0 scale mail
rNeg   . . .     Faith    .     (no shield)
rPois  .         Spirit   .     c - +0 hat
rElec  .         Dismiss  .     (no cloak)
rCorr  .         Reflect  .     (no gloves)
SustAt +         Harm     .     (no boots)
MR     +....                    (no amulet)
Stlth  ..........               y - ring of sustain attributes
                                r - ring of protection from magic {MR+}

@: somewhat resistant to hostile enchantments, extremely unstealthy
A: retaliatory headbutt, horns 2
a: Heroism, Renounce Religion


You were on level 4 of the Dungeon.
You worshipped Okawaru.
Okawaru was aware of your devotion.
You were not hungry.

You visited 1 branch of the dungeon, and saw 4 of its levels.

You collected 208 gold pieces.

Inventory:

Hand Weapons
 a - a +0 war axe (weapon)
Missiles
 d - 3 throwing nets
 g - 12 tomahawks (quivered)
 o - 16 bolts
Armour
 c - a +0 hat (worn)
 e - a +0 scale mail (worn)
   (You found it on level 1 of the Dungeon)
 A - a +0 buckler
   (You found it on level 4 of the Dungeon)
Jewellery
 q - an uncursed amulet of guardian spirit {unknown}
   (You found it on level 2 of the Dungeon)
 r - a ring of protection from magic (left hand) {MR+}
   (You found it on level 2 of the Dungeon)
 y - a ring of sustain attributes (right hand)
   (You found it on level 4 of the Dungeon)
Scrolls
 b - a scroll of amnesia {unknown}
 j - 2 scrolls of identify {unknown}
 k - a scroll of enchant armour {unknown}
 p - a scroll of enchant weapon {unknown}
 t - a scroll of teleportation {unknown}
 w - 4 scrolls of remove curse
 x - a scroll of fog {unknown}
 z - a scroll of magic mapping {unknown}
Potions
 i - 2 potions of magic {unknown}
 m - a potion of cancellation {unknown}
 s - 2 potions of curing {unknown}
 u - a potion of heal wounds {unknown}
 v - a potion of mutation {unknown}
Comestibles
 f - 3 bread rations
 h - a slice of pizza
 l - a royal jelly
 B - a meat ration


   Skills:
 + Level 2.4 Fighting
 - Level 8.4 Axes
 - Level 2.0 Throwing
 - Level 3.2 Dodging


You had 5 spell levels left.
You didn't know any spells.

Dungeon Overview and Level Annotations

Branches:
Dungeon (4/15)
 Temple: D:4-7

Altars:
Makhleb
Okawaru


Innate Abilities, Weirdness & Mutations

You reflexively headbutt those who attack you in melee.
You have a pair of horns on your head.


Message History

You open the door.
There is an open door here.
Found a stone staircase leading up.
There is an open door here.
There is an open door here.
You now have 208 gold pieces (gained 7).
You open the door.
There is an open door here.
There is a stone staircase leading up here.
You open the large door.
There is a large open door here.
There is a large open door here.
B - a meat ration Eating a chunk of flesh.
This raw flesh tastes terrible.
You continue eating. x2
There is a large open door here.
There is an open door here.
Romlok's ghost (amateur Tengu Enchanter) comes into view.
Romlok's ghost turns its malevolent gaze towards you.
Press: ? - help, v - describe, . - travel
Here: Romlok's ghost The floor.
You start waiting.
You slash Romlok's ghost!
Romlok's ghost is moderately damaged.
Romlok's ghost points at you and mumbles some strange words.
You resist with almost no effort.
You barely miss Romlok's ghost.
Romlok's ghost is moderately damaged.
Romlok's ghost hits you.
Romlok's ghost hits you but does no damage.
You hit Romlok's ghost. You headbutt Romlok's ghost!
Romlok's ghost is heavily damaged.
Romlok's ghost barely misses you. You furiously retaliate!
You headbutt Romlok's ghost!
You hit Romlok's ghost but do no damage.
Romlok's ghost is almost destroyed.
Romlok's ghost hits you but does no damage.
You slash Romlok's ghost!
You destroy Romlok's ghost!
Okawaru is honoured by your kill.
You can now gain great but temporary skills.
Your Axes skill increases to level 8!
You have reached level 6!
Your experience leads to an increase in your attributes!
Increase (S)trength, (I)ntelligence, or (D)exterity?
You feel clever.
You are alive.
Your movement speed is average.
Your attack speed is average.
You are somewhat resistant to hostile enchantments.
You are extremely unstealthy.
You swing at nothing.
You swing at nothing.
You swing at nothing.
You swing at nothing.
You start resting.
HP restored.
There is an open door here.
Found a stone staircase leading down.
Found a scroll of fear.
Found an escape hatch in the floor.
g - 15 tomahawks (gained 8)
An ogre comes into view. It is wielding a giant club.
The ogre shouts!
You see here a scroll of remove curse.
w - 4 scrolls of remove curse (gained 1) Throwing (i - inventory):
g - 15 tomahawks (quivered)
Press: ? - help, Shift-Dir - straight line, f - ogre
Aim: an ogre, wielding a giant club You throw a tomahawk.
The tomahawk barely misses the ogre.
Throwing (i - inventory):
g - 14 tomahawks (quivered)
Press: ? - help, Shift-Dir - straight line, f/p - ogre
Aim: an ogre, wielding a giant club You throw a tomahawk.
The tomahawk hits the ogre!
The ogre is moderately wounded.
Throwing (i - inventory):
g - 13 tomahawks (quivered)
Press: ? - help, Shift-Dir - straight line, f/p - ogre
Aim: an ogre, wielding a giant club (moderately wounded)
You throw a tomahawk.
The tomahawk hits the ogre but does no damage.
The ogre is moderately wounded.
Throwing (i - inventory):
g - 12 tomahawks (quivered)
Press: ? - help, Shift-Dir - straight line, f/p - ogre
Aim: an ogre, wielding a giant club (moderately wounded)
Okay, then.
Your scale mail prevents you from hitting the ogre.
The ogre is moderately wounded.
The ogre hits you with a giant club!
You hit the ogre but do no damage.
The ogre is moderately wounded.
Your scale mail prevents you from hitting the ogre.
The ogre is moderately wounded.
The ogre barely misses you. You furiously retaliate!
You headbutt the ogre. You hit the ogre.
The ogre is heavily wounded.
The ogre hits you with a giant club!!
Ouch! That really hurt!
* * * LOW HITPOINT WARNING * * *
A hound comes into view.
You hit the ogre but do no damage. You headbutt the ogre!
The ogre is severely wounded.
The ogre hits you with a giant club!!
You die...

##### .....
?(..###
......#########
#...........#
#............
#....@......$
#....O.......
#..........h.
#...##(....#.
###
#>....(....'.
...
#.#.##?....#.
#. #.#.# ...>.#
#. #.#.# .(...#
#...# #.#.###
#### #.. #


You could see an ogre and a hound.

Vanquished Creatures
  The ghost of Romlok the Cudgeler, an amateur TeEn (D:4)
  A quasit (D:3)
  3 worker ants (D:4)
  A gnoll (D:3)
  2 adders (D:2)
  2 worms
  A dart slug (D:1)
  4 giant geckos
  2 orcs (D:3)
  7 bats
  2 giant cockroaches (D:1)
  2 goblins
  3 hobgoblins (D:2)
  9 jackals
  3 kobolds
  2 quokkas
  2 ball pythons
  A giant newt (D:1)
  6 rats
54 creatures vanquished.

Notes
Turn   | Place    | Note
--------------------------------------------------------------
     0 | D:1      | MenacingMecha the Minotaur Gladiator began the quest for the Orb.
     0 | D:1      | Reached XP level 1. HP: 18/18 MP: 0/0
    79 | D:1      | Reached skill level 4 in Axes
   100 | D:1      | Reached XP level 2. HP: 19/25 MP: 1/1
  1037 | D:2      | Found an iron altar of Okawaru.
  1051 | D:2      | Reached skill level 5 in Axes
  1081 | D:2      | Became a worshipper of Warmaster Okawaru
  1136 | D:2      | Reached XP level 3. HP: 25/30 MP: 2/2
  1754 | D:3      | Found a burning altar of Makhleb.
  1958 | D:3      | Reached XP level 4. HP: 28/37 MP: 3/3
  2076 | D:3      | Reached skill level 6 in Axes
  2547 | D:4      | Reached skill level 7 in Axes
  2547 | D:4      | Reached XP level 5. HP: 42/42 MP: 4/4
  2968 | D:4      | Noticed Romlok's ghost (amateur TeEn)
  2977 | D:4      | Killed Romlok's ghost
  2977 | D:4      | Reached * piety under Okawaru
  2977 | D:4      | Reached skill level 8 in Axes
  2977 | D:4      | Reached XP level 6. HP: 46/50 MP: 5/5
  3044 | D:4      | HP: 8/50 [ogre/giant club (27)]
  3045 | D:4      | Mangled by an ogre

Skill      XL: |  1  2  3  4  5 |
---------------+----------------+-----
Axes           | 4 5 7 8 |  8.4
Fighting       | |  2.4
Throwing       | |  2.0
Dodging        | |  3.2

Action                   |  1- 3 |  4- 6 || total
-------------------------+-------+-------++-------
Melee: War axe           |    84 |    46 ||   130
       Headbutt          |     5 |     5 ||    10
Throw: Tomahawk          |       |     5 ||     5
  Use: Scroll            |     2 |       ||     2
  Eat: Chunk             |     3 |     4 ||     7
Armor: Scale mail        |    25 |    26 ||    51
       Leather armour    |     1 |       ||     1
       Ring mail         |    13 |       ||    13
Dodge: Dodged            |    60 |    28 ||    88

Vault maps used:
D:1:      minmay_arrival_up_and_down
D:2:      lemuel_doored_altar, serial_bayou_lake_a
D:3:      minmay_door_path, overflow_temple_1_default
D:4:      uniq_natasha

Table legend:
 A = Turns spent in this place as a percentage of turns spent in the entire game.
 B = Non-inter-level travel turns spent in this place as a percentage of non-inter-level travel turns spent in the entire game.
 C = Inter-level travel turns spent in this place as a percentage of turns spent in this place.
 D = Turns resting spent in this place as a percentage of non-inter-level travel turns spent in this place.
 E = Turns spent auto-exploring this place as a percentage of non-inter-level travel turns spent in this place.
 F = Non-inter-level travel turns spent in this place divided by the number of levels of this place that you've seen.
                   A       B       C       D       E      F
               +-------+-------+-------+-------+-------+----------------------
         Total | 100.0 | 100.0 |   1.2 |   2.2 |   1.5 | 336.5
       Dungeon | 100.0 | 100.0 |   1.2 |   2.2 |   1.5 | 336.5
               +-------+-------+-------+-------+-------+----------------------

Table legend:
 A = Kills in this place as a percentage of kills in entire the game.
 B = Kills by you in this place as a percentage of kills by you in the entire game.
 C = Kills by friends in this place as a percentage of kills by friends in the entire game.
 D = Other kills in this place as a percentage of other kills in the entire game.
 E = Experience gained in this place as a percentage of experience gained in the entire game.
 F = Experience gained in this place divided by the number of levels of this place that you have seen.
                   A       B       C       D       E      F
               +-------+-------+-------+-------+-------+----------------------
         Total | 100.0 | 100.0 |  -nan |  -nan | 100.0 | 108.2
       Dungeon | 100.0 | 100.0 |  -nan |  -nan | 100.0 | 108.2
               +-------+-------+-------+-------+-------+----------------------
